 Dungeon Crawl Stone Soup version 0.17-a0-2122-g03d97ec (webtiles) character file.

10112 nicanaca0 the Severer (level 11, -1/101 HPs)
             Began as a Minotaur Berserker on Oct 21, 2015.
             Was a High Priest of Trog.
             Slain by a manticore (13 damage)
             ... on level 10 of the Dungeon.
             The game lasted 00:30:57 (10430 turns).

nicanaca0 the Severer (Minotaur Berserker)         Turns: 10430, Time: 00:30:57

Health: -1/101     AC: 16    Str: 22    XL:     11   Next: 31%
Magic:  10/10      EV:  8    Int:  4    God:    Trog [*****.]
Gold:   355        SH:  3    Dex: 13    Spells: 0 memorised, 10 levels left

rFire  . . .     SeeInvis .     a - +4 hand axe
rCold  . . .     Clarity  +     e - +0 plate armour
rNeg   . . .     SustAt   .     R - +0 buckler
rPois  .         Gourm    .     (helmet restricted)
rElec  .         Spirit   .     K - +0 cloak
rCorr  .         Warding  .     n - +0 pair of gloves
rMut   .         Stasis   .     (no boots)
MR     +....                    N - amulet of clarity
Stlth  ..........               r - ring of invisibility
                                B - ring of protection from magic

@: somewhat resistant to hostile enchantments, extremely unstealthy
A: retaliatory headbutt, horns 2
a: Berserk, Trog's Hand, Brothers in Arms, Burn Spellbooks, Renounce Religion,
Evoke Invisibility


You were on level 10 of the Dungeon.
You worshipped Trog.
Trog was extremely pleased with you.
You were not hungry.

You visited 1 branch of the dungeon, and saw 10 of its levels.

You collected 355 gold pieces.

Inventory:

Hand Weapons
 a - a +4 hand axe (weapon)
 b - a +0 hand axe of flaming
 V - a +2 dagger of pain
Missiles
 d - 385 stones
 l - 3 exploding tomahawks (quivered)
Armour
 e - a +0 plate armour (worn)
 n - a +0 pair of gloves (worn)
 K - a +0 cloak (worn)
 R - a +0 buckler (worn)
Jewellery
 r - a ring of invisibility (right hand)
 B - a ring of protection from magic (left hand)
 N - an amulet of clarity (around neck)
Wands
 i - a wand of confusion (26)
 q - a wand of frost (17)
 w - a wand of disintegration (18)
 y - a wand of flame (18)
 H - a wand of teleportation (9)
 I - a wand of digging (16)
 P - a wand of digging (5)
 X - a wand of draining (9)
Scrolls
 j - 5 scrolls of recharging
 o - 5 scrolls of remove curse
 p - 3 scrolls of teleportation
 u - 2 scrolls of fog {unknown}
 C - a scroll of immolation {unknown}
 F - a scroll of magic mapping {unknown}
 J - a scroll of amnesia {unknown}
 O - a scroll of blinking {unknown}
 Q - a scroll of identify
 U - 2 scrolls of enchant armour {unknown}
Potions
 f - a potion of flight
 k - a potion of agility
 s - a potion of lignification
 t - 3 potions of curing
 v - a potion of brilliance
 A - 2 potions of might {unknown}
 D - a potion of invisibility
 G - a potion of magic {unknown}
 L - a potion of berserk rage {unknown}
 S - a potion of resistance
 Z - a potion of cancellation {unknown}
Comestibles
 c - 2 bread rations
 g - 11 meat rations
 h - 4 chunks of flesh
 x - a slice of pizza
 T - 2 beef jerkies


   Skills:
 + Level 10.4 Fighting
 + Level 15.7 Axes
 + Level 8.0 Armour
 - Level 5.9 Dodging


You had 10 spell levels left.
You didn't know any spells.

Dungeon Overview and Level Annotations

Branches:
Dungeon (10/15)            Temple (0/1) D:6            Lair (0/8) D:10
    Orc: D:9-12

Altars:
Cheibriados
Dithmenos
Elyvilon
Fedhas
Gozag
Makhleb
Ru
Trog
The Shining One


Innate Abilities, Weirdness & Mutations

You reflexively headbutt those who attack you in melee.
You have a pair of horns on your head.


Message History

The manticore closely misses you. The manticore barely misses you.
The manticore barely misses you.
You closely miss the manticore.
The manticore is severely wounded.
The manticore bites you.
* * * LOW HITPOINT WARNING * * *
The manticore claws you but does no damage. x2
You hit the manticore but do no damage.
You headbutt the manticore, but do no damage.
The manticore is severely wounded.
You slash the manticore!
The manticore is almost dead.
The manticore bites you!
* * * LOW HITPOINT WARNING * * *
The manticore barely misses you.
The manticore claws you but does no damage.
You hit the manticore but do no damage.
The manticore is almost dead.
The manticore bites you!
You die...

.=5 #....#...#
..##}
##....#...# ..#
.. .....#...# .
.. #........#
... #........#
##. #........#
#...H....# ..
####...@)...#...
......†.........
########........
#......'......##
#.######......[.
#.# +........
#.# #........
#.# #........
#.# ..#+#....


You could see a manticore.

Vanquished Creatures
  A hydra (D:10)
  Erica (D:8)
  An elephant (D:10)
  Joseph (D:8)
  A troll (D:9)
  Grinder (D:6)
  A boulder beetle (D:8)
  A slime creature (D:10)
  A shadow (D:10)
  A tarantella (shapeshifter) (D:10)
  2 wyverns (D:8)
  A hungry ghost (D:7)
  12 yaks
  A hippogriff (D:7)
  Edmund (D:5)
  4 ice beasts
  3 phantoms
  A necrophage (D:8)
  2 orc warriors
  4 black bears
  A sky beast (D:10)
  4 ogres
  A crocodile (D:9)
  2 centaurs
  A water moccasin zombie (D:6)
  5 scorpions
  7 wights
  7 crimson imps
  11 killer bees
  2 giant frog zombies
  5 hounds
  2 jellies
  A giant frog skeleton (D:5)
  6 orc priests
  Ijyb (D:2)
  A centaur skeleton (D:7)
  11 orc wizards
  An iguana (D:6)
  7 worker ants
  2 sheep (D:10)
  A killer bee zombie (D:5)
  A hound zombie (D:6)
  A hound skeleton (D:6)
  6 gnolls (D:7)
  21 adders
  2 shadow imps
  2 oozes (D:3)
  3 worms
  42 orcs
  5 ball pythons (D:8)
  5 giant cockroaches
  17 goblins
  13 hobgoblins
  14 jackals
  13 kobolds
  4 quokkas
  9 bats
  2 giant geckos
  A giant gecko skeleton (D:6)
  3 giant newts
  3 quokka skeletons
  2 quokka zombies
  7 rats
296 creatures vanquished.

Vanquished Creatures (collateral kills)
  A wasp (D:10)
  A centaur (D:10)
  A killer bee (D:7)
3 creatures vanquished.

Vanquished Creatures (others)
  2 plants (D:7)
2 creatures vanquished.

Grand Total: 301 creatures vanquished

Notes
Turn   | Place    | Note
--------------------------------------------------------------
     0 | D:1      | nicanaca0 the Minotaur Berserker began the quest for the Orb.
     0 | D:1      | Reached XP level 1. HP: 19/19 MP: 0/0
   196 | D:1      | Reached skill level 4 in Axes
   391 | D:1      | Reached XP level 2. HP: 23/26 MP: 1/1
   579 | D:1      | Reached ** piety under Trog
   859 | D:2      | Reached skill level 5 in Axes
   932 | D:2      | Noticed Ijyb
   944 | D:2      | Killed Ijyb
   944 | D:2      | Reached XP level 3. HP: 31/31 MP: 2/2
  1136 | D:2      | Found a burning altar of Makhleb.
  1144 | D:2      | Reached skill level 6 in Axes
  1144 | D:2      | Reached XP level 4. HP: 32/39 MP: 3/3
  1187 | D:2      | Found a snail-covered altar of Cheibriados.
  1716 | D:3      | Reached *** piety under Trog
  1791 | D:3      | Reached XP level 5. HP: 36/45 MP: 4/4
  1801 | D:3      | Reached skill level 7 in Axes
  1998 | D:3      | Found a faded altar to an unknown god.
  2278 | D:3      | Reached skill level 8 in Axes
  2755 | D:4      | Reached XP level 6. HP: 51/51 MP: 5/5
  2822 | D:4      | Reached **** piety under Trog
  2857 | D:4      | HP: 2/51 [poisoned by a worker ant]
  2865 | D:4      | HP: 1/51 [poisoned by a worker ant]
  3172 | D:4      | Noticed a phantom
  3187 | D:4      | Reached skill level 9 in Axes
  3196 | D:4      | Killed a phantom
  3196 | D:4      | Reached XP level 7. HP: 53/57 MP: 6/6
  3248 | D:4      | Found a shadowy altar of Dithmenos.
  3549 | D:4      | Noticed an ogre
  3553 | D:4      | Killed an ogre
  3553 | D:4      | Reached skill level 10 in Axes
  3855 | D:5      | Entered Level 5 of the Dungeon
  4077 | D:5      | Noticed Edmund
  4092 | D:5      | Killed Edmund
  4092 | D:5      | Reached skill level 5 in Fighting
  4098 | D:5      | Reached XP level 8. HP: 27/69 MP: 7/7
  4523 | D:5      | Found an opulent altar of Gozag.
  4537 | D:5      | Reached skill level 11 in Axes
  5126 | D:6      | Found a bloodstained altar of Trog.
  5131 | D:6      | Reached skill level 12 in Axes
  5138 | D:6      | Noticed Grinder
  5154 | D:6      | Killed Grinder
  5154 | D:6      | Reached XP level 9. HP: 61/81 MP: 8/8
  5193 | D:6      | Found a staircase to the Ecumenical Temple.
  5357 | D:6      | Reached ***** piety under Trog
  6148 | D:7      | Reached skill level 13 in Axes
  6253 | D:7      | Found a blossoming altar of Fedhas.
  6660 | D:7      | Found a glowing golden altar of the Shining One.
  7225 | D:8      | Found a white marble altar of Elyvilon.
  7317 | D:8      | Noticed Joseph
  7336 | D:8      | Killed Joseph
  7388 | D:8      | Reached XP level 10. HP: 87/91 MP: 9/9
  7422 | D:8      | Reached skill level 14 in Axes
  7510 | D:8      | Noticed Erica
  7527 | D:8      | Killed Erica
  7527 | D:8      | Reached skill level 5 in Armour
  7537 | D:8      | Found a sacrificial altar of Ru.
  8101 | D:8      | Reached skill level 5 in Dodging
  8839 | D:9      | Reached skill level 15 in Axes
  9614 | D:9      | Reached XP level 11. HP: 71/99 MP: 10/10
  9659 | D:9      | Received a gift from Trog
  9723 | D:10     | Entered Level 10 of the Dungeon
  9912 | D:10     | Noticed a six-headed hydra
  9918 | D:10     | Killed a nine-headed hydra
  9918 | D:10     | Reached skill level 10 in Fighting
 10298 | D:10     | Found a staircase to the Lair.
 10430 | D:10     | Slain by a manticore

Vault maps used:
D:1:      ncdulo_smallfort, kennysheep_small_spiral
D:2:      lemuel_crystal_altar, cheibriados_altar_1, uniq_iyjb
D:3:      ecumenical_altar_1, first_bread
D:4:      nicolae_dithmenos_the_darkroom
D:5:      lemuel_doored_altar, hangedman_abyss_or_decor_jellyfish_corner,
          uniq_edmund
D:6:      temple_green, trog_ov_bears_minmay, uniq_grinder
D:7:      corexii_shantytown, basic_altar, fedhas_altar_decomposition
D:8:      boulder_indie, nicolae_ru_awakened_eye, lemuel_round_altar,
          uniq_joseph, uniq_erica
D:10:     minmay_curly_fans, david_lair_generic, serial_shops,
          nicolae_shop_crystal, uniq_sonja, uniq_urug

Action                   |  1- 3 |  4- 6 |  7- 9 | 10-12 || total
-------------------------+-------+-------+-------+-------++-------
Melee: Hand axe          |    73 |   136 |   134 |   304 ||   647
       War axe           |       |    57 |   245 |       ||   302
Throw: Tomahawk          |       |       |       |     2 ||     2
Invok: Berserk           |       |     1 |     1 |     3 ||     5
       Trog's Hand       |       |     1 |     1 |     2 ||     4
       Brothers in Arms  |       |       |     1 |     2 ||     3
       Burn Spellbooks   |       |       |       |     1 ||     1
 Abil: Evoke Invisibilit |       |       |       |     1 ||     1
Evoke: Wand              |       |     1 |     3 |     6 ||    10
  Use: Scroll            |       |       |     8 |     3 ||    11
       Potion            |       |       |       |     4 ||     4
  Eat: Chunk             |       |     7 |     6 |    10 ||    23
       Fruit             |       |       |     4 |     2 ||     6
       Beef jerky        |       |       |     3 |       ||     3
       Pizza             |       |       |     2 |       ||     2
       Bread ration      |       |       |     1 |       ||     1
       Royal jelly       |       |       |       |     1 ||     1
